 Dungeon Crawl Stone Soup version 0.29-a0-359-g541a27f54d (webtiles) character file.

Game seed: 11203204462930550658

67 Zeldest the Skirmisher (level 4, -6/35 HPs)
             Began as a Demonspawn Fighter on Apr 28, 2022.
             Was a Follower of Dithmenos.
             Mangled by an ogre
             ... wielding a +0 giant spiked club
              (20 damage)
             ... on level 3 of the Dungeon.
             The game lasted 00:01:19 (1831 turns).

Zeldest the Skirmisher (Demonspawn Fighter)         Turns: 1831, Time: 00:01:19

Health: -6/35      AC: 11    Str: 18    XL:     4   Next: 0%
Magic:  4/4        EV:  8    Int:  9    God:    Dithmenos [*.....]
Gold:   173        SH:  4    Dex: 13    Spells: 3/3 levels left

rFire   . . .      SeeInvis .   a - +0 war axe
rCold   + . .      Faith    .   c - +0 buckler
rNeg    . . .      Spirit   .   g - +2 chain mail {rC+}
rPois   .          Reflect  .   (no helmet)
rElec   .          Harm     .   (no cloak)
rCorr   .          Rampage  .   (no gloves)
Will    .....                   (no boots)
Stlth   ..........              (no amulet)
HPRegen 0.11/turn               (no ring)
MPRegen 0.09/turn               (no ring)

@: wreathed by umbra
A: repulsion field 1, demonic touch 1
a: Renounce Religion


You were on level 3 of the Dungeon.
You worshipped Dithmenos.
Dithmenos was aware of your devotion.
You visited 1 branch of the dungeon, and saw 3 of its levels.

You collected 173 gold pieces.

Inventory:

Hand Weapons
 a - a +0 war axe (weapon)
Armour
 b - a +0 scale mail
 c - a +0 buckler (worn)
 g - a +2 chain mail of cold resistance (worn)
Jewellery
 s - a +6 ring of strength
Scrolls
 f - a scroll of silence {unknown}
 k - 2 scrolls of noise {unknown}
 l - 3 scrolls of enchant armour {unknown}
 m - a scroll of fog {unknown}
 n - a scroll of summoning {unknown}
Potions
 d - a potion of might
 e - 2 potions of cancellation {unknown}
 h - a potion of heal wounds {unknown}
 i - 4 potions of haste {unknown}
 j - 2 potions of curing {unknown}
 o - a potion of resistance {unknown}
 p - a potion of flight {unknown}
 q - 2 potions of brilliance {unknown}
 r - a potion of attraction {unknown}


   Skills:
 + Level 3.4 Fighting
 * Level 2.7 Axes
 + Level 3.1 Armour
 + Level 0.0 Stealth
 - Level 3.1 Shields
 + Level 0.1 Invocations


You had 3 spell levels left.
You didn't know any spells.
Your spell library contained the following spells:

 Spells                   Type           Power      Damage    Failure   Level
 Sting                    Tmut/Pois      0%         1d3       100%        1
 Corpse Rot               Necr/Air       0%         N/A       100%        2
 Poisonous Vapours        Pois/Air       0%         N/A       100%        2
 Olgreb's Toxic Radiance  Pois           0%         N/A       100%        4


Dungeon Overview and Level Annotations

Branches:
Dungeon (3/15)

Altars:
Dithmenos


Innate Abilities, Weirdness & Mutations

You are surrounded by a mild repulsion field. (EV +2)
Your touch may inflict minor irresistible damage on your foes.


Message History

No target in view!
l - 3 scrolls labelled VOFISI FIXOWI (gained 1)
r - a blue potion No target in view!
s - a +6 ring of strength No target in view!
An ogre comes into view. It is wielding a +0 giant spiked club.
A kobold comes into view. It is wielding a +0 whip.
The ogre shouts!
A goblin comes into view. It is wielding a +0 club.
There are monsters nearby!
The goblin shouts!
The kobold throws a stone.
The stone barely misses you.
There are monsters nearby!
There are monsters nearby!
You slash the ogre!
The ogre is moderately wounded.
The ogre closely misses you. The goblin closely misses you.
You slash the ogre!
The ogre is severely wounded.
You hit the kobold.
You kill the kobold!
Dithmenos accepts your kill.
You barely miss the goblin.
The ogre hits you with a +0 giant spiked club!!
Ouch! That really hurt!
The goblin hits you but does no damage.
You have reached level 4!
You feel agile.
Your demonic ancestry asserts itself...
You begin to radiate repulsive energy.
You hit the ogre.
The ogre is severely wounded.
You closely miss the goblin. The ogre closely misses you.
The goblin hits you but does no damage.
You hit the ogre.
The ogre is almost dead.
You hit the goblin. The goblin barely misses you.
The ogre hits you with a +0 giant spiked club!!
Ouch! That really hurt!
You die...

#.###...########.######
#.....................#
#############....####.#
#.#### #.# #.# #.#
###### #.# #.#
......##.# #.#
.........# #.#
......)@.# #.#
.......Og.# #.#
........### #.#
........# #^# ........#
####..... ######


You could see an ogre and a goblin.

Vanquished Creatures
  An adder (D:2)
  A worm (D:2)
  A dart slug (D:2)
  7 ball pythons
  5 bats
  5 endoplasms
  2 giant cockroaches
  8 goblins
  4 hobgoblins
  2 jackals (D:2)
  2 quokkas
  4 frilled lizards
  5 kobolds
47 creatures vanquished.

Notes
Turn   | Place    | Note
-------+----------+-------------------------------------------
     0 | D:1      | Zeldest the Demonspawn Fighter began the quest for the Orb.
     0 | D:1      | Reached XP level 1. HP: 18/18 MP: 1/1
   151 | D:1      | Gained mutation: Your touch may inflict minor irresistible
                  | damage on your foes. [demonic ancestry]
   151 | D:1      | Reached XP level 2. HP: 12/24 MP: 2/2
   901 | D:2      | Reached XP level 3. HP: 27/29 MP: 3/3
  1491 | D:2      | Found a faded altar of an unknown god.
  1679 | D:2      | Prayed at the altar of an unknown god.
  1679 | D:2      | Became a worshipper of Dithmenos the Shadowed
  1679 | D:2      | Reached * piety under Dithmenos
  1824 | D:3      | Noticed an ogre
  1830 | D:3      | Gained mutation: You are surrounded by a mild repulsion
                  | field. (EV +2) [demonic ancestry]
  1830 | D:3      | Reached XP level 4. HP: 13/35 MP: 4/4
  1831 | D:3      | Mangled by an ogre

Illustrated notes

Levels and vault maps discovered:
D:1:      kilobyte_arrival_exit_the_forest, layout_loops_ring,
          minmay_heptomino_d4
D:2:      layout_loops_corners, hellmonk_ecumenical_altar_dog_temple
D:3:      layout_basic, nicolae_figureground_sparkle, uniq_terence

Skill      XL: |  1  2  3 |
---------------+----------+-----
Axes           | 2 |  2.7
Armour         | 3 |  3.1
Shields        | 3 |  3.1
Fighting       | |  3.4
Invocations    | |  0.1

Action                   |  1- 3 |  4- 6 || total
-------------------------+-------+-------++-------
Melee: War axe           |   138 |     2 ||   140
Armor: Scale mail        |    10 |       ||    10
       Chain mail        |    82 |     1 ||    83
Dodge: Dodged            |    39 |     2 ||    41
Block: Buckler           |    29 |       ||    29

Table legend: (Time is in decaauts)
 A = Elapsed time spent in this place.
 B = Non-inter-level travel time spent in this place.
 C = Inter-level travel time spent in this place.
 D = Time resting spent in this place.
 E = Time spent auto-exploring this place.
 F = Levels seen in this place.
 G = Mean time per level.
                   A        B        C        D        E       F      G
               +--------+--------+--------+--------+--------+-----+--------+
         Total |   1891 |   1799 |     92 |      0 |   1429 |   3 |  630.3 |
       Dungeon |   1891 |   1799 |     92 |      0 |   1429 |   3 |  630.3 |
               +--------+--------+--------+--------+--------+-----+--------+

Top non-repeatable levels by time:
     D:1: 909 daAuts
     D:2: 839 daAuts
     D:3: 141 daAuts
